 Dungeon Crawl Stone Soup version 0.30.0-29-ga12c61a403 (webtiles) character file.

Game seed: 5411563636572748133

144 Josd the Insei (level 5, 0/33 HPs)
             Began as an Octopode Transmuter on June 20, 2023.
             Slain by an orc wizard
             ... wielding a +0 dagger
              (2 damage)
             ... on level 4 of the Dungeon.
             The game lasted 00:05:19 (2427 turns).

Josd the Insei (Octopode Transmuter)                Turns: 2427, Time: 00:05:19

Health: 0/33       AC:  5    Str: 15    XL:     5   Next: 27%
Magic:  0/8        EV: 13    Int: 15    God:
Gold:   166        SH:  0    Dex: 15    Spells: 7/8 levels left

rFire   . . .        f - +0 dagger
rCold   . . .        (no shield)
rNeg    . . .        (helmet restricted)
rPois   .            r - amulet of guardian spirit
rElec   .            g - +4 ring of protection
rCorr   .            b - +6 ring of strength
SInv    .            (no ring)
Will    .....        (no ring)
Stlth   +++          (no ring)
HPRegen 0.25/turn    (no ring)
MPRegen 0.11/turn    (no ring)
                     (no ring)

%: guardian spirit
@: no status effects
A: almost no armour, amphibious, 8 rings, camouflage 1, gelatinous body 1,
(nimble swimmer 1), tentacles
a: no special abilities


You were on level 4 of the Dungeon.
You visited 1 branch of the dungeon, and saw 4 of its levels.

You collected 166 gold pieces.

Inventory:

Hand Weapons
 f - a +0 dagger (weapon)
Jewellery
 b - a +6 ring of strength (right tentacle)
 g - a +4 ring of protection (left tentacle)
 q - an amulet of faith
 r - an amulet of guardian spirit (around mantle)
Scrolls
 e - a scroll of identify {unknown}
 h - 2 scrolls of magic mapping {unknown}
 i - a scroll of teleportation {unknown}
 j - a scroll of fear
 n - a scroll of poison {unknown}
 o - a scroll of enchant weapon {unknown}
Potions
 a - a potion of lignification
 c - a potion of invisibility {unknown}
 d - 2 potions of attraction {unknown}
 k - a potion of might {unknown}
 l - a potion of haste {unknown}
 m - a potion of heal wounds {unknown}
 p - a potion of cancellation {unknown}


   Skills:
 + Level 1.3 Fighting
 + Level 1.4 Short Blades
 + Level 2.6 Dodging
 + Level 2.9 Stealth
 + Level 3.9 Unarmed Combat
 + Level 2.3 Spellcasting
 + Level 2.5 Transmutations


You had 7 spell levels left.
You knew the following spells:

 Your Spells              Type           Power      Damage    Failure   Level
a - Beastly Appendage     Tmut           18%        N/A       8%          1

Your spell library contained the following spells:

 Spells                   Type           Power      Damage    Failure   Level
 Wereblood                Tmut           9%         N/A       12%         2
 Passwall                 Tmut/Erth      4%         N/A       19%         2
 Sandblast                Erth           2%         2d4       22%         1
 Spider Form              Tmut/Pois      5%         N/A       36%         3
 Stone Arrow              Conj/Erth      2%         3d7       54%         3
 Ice Form                 Ice/Tmut       5%         N/A       77%         4
 Conjure Ball Lightning   Conj/Air       0%         3x3d6     100%        6
 Discord                  Hex            0%         N/A       100%        8
 Disjunction              Tloc           0%         N/A       100%        8


Dungeon Overview and Level Annotations

Branches:
Dungeon (4/15)             Temple (0/1) D:4

Altars:

Annotations:
D:4 Dowan, Duvessa


Innate Abilities, Weirdness & Mutations

You cannot wear most types of armour.
You are amphibious.
You can wear up to eight rings at the same time.
Your skin changes colour to match your surroundings (Stealth+).
Your rubbery body absorbs attacks. (AC +1, EV +1)
((You are camouflaged when in or above water. (Stealth+)))
You have tentacles for arms and can constrict up to eight enemies at once.


Message History

The ball python misses you.
You hear some strange, mumbled words.
A magic dart appears from out of thin air!
The magic dart hits you.
You closely miss the ball python. Your grab misses the ball python.
The ball python bites you but does no damage.
The ball python grabs you. The ball python constricts you.
You hear some strange, mumbled words.
A magic dart appears from out of thin air!
The magic dart hits you.
You miss something.
The ball python bites you but does no damage.
The ball python constricts you. Something hits you but does no damage.
The ball python completely misses you. The ball python constricts you.
You hit the ball python. You grab the ball python.
The ball python is moderately wounded.
You constrict the ball python.
You kill the ball python!
Something hits you but does no damage. Something hits you.
A magic dart appears from out of thin air!
The magic dart hits you.
* * * LOW HITPOINT WARNING * * *
Something hits you.
* * * LOW HITPOINT WARNING * * *
You closely miss something. You squeeze something.
You hit something but do no damage. Something hits you but does no damage.
You miss something. Your squeeze misses something.
Something hits you but does no damage.
You miss something. Your squeeze misses something.
You hear some strange, mumbled words.
Something tries to affect you, but you resist.
You closely miss something. Something hits you.
* * * LOW HITPOINT WARNING * * *
You hit something but do no damage. Something hits you.
* * * LOW HITPOINT WARNING * * *
You hit something but do no damage. Something hits you.
* * * LOW HITPOINT WARNING * * *
You hit something but do no damage. Something hits you.
You die...

....# 88#.. ......... ..8...
.......# >..... #...... ..8..g#
#####..... 88#.... #...#...#
.......###...#...########
.......{@............#...
........)................
#+#......................
#...................... #.#
#.............##.#..... ..#.#
#.......######...###...
..#.###....#########......... .
..#.#...#..............#.....
..#.#.#.#...#..............#.#...


There were no monsters in sight!

Vanquished Creatures
  Jessica (D:2)
  4 adders
  A worm (D:3)
  A dart slug (D:1)
  5 orcs
  5 bats
  9 endoplasms
  2 giant cockroaches
  7 goblins
  7 hobgoblins
  5 jackals
  2 kobolds
  A quokka (D:3)
  7 ball pythons
  4 frilled lizards
  5 rats
66 creatures vanquished.

Notes
Turn   | Place    | Note
-------+----------+-------------------------------------------
     0 | D:1      | Josd the Octopode Transmuter began the quest for the Orb.
     0 | D:1      | Reached XP level 1. HP: 13/13 MP: 3/3
   211 | D:1      | Reached XP level 2. HP: 12/18 MP: 5/5
   806 | D:2      | Reached XP level 3. HP: 23/23 MP: 6/6
   838 | D:2      | Noticed Jessica
   869 | D:2      | Killed Jessica
   870 | D:2      | Reached skill level 1 in Stealth
   870 | D:2      | Reached XP level 4. HP: 23/28 MP: 5/7
  1232 | D:3      | Reached skill level 1 in Short Blades
  1337 | D:3      | Identified a scroll of acquirement
  1337 | D:3      | Acquired a +6 ring of strength
  1866 | D:3      | Reached XP level 5. HP: 29/33 MP: 8/8
  2232 | D:4      | Noticed Dowan
  2233 | D:4      | Noticed Duvessa
  2386 | D:4      | Found a staircase to the Ecumenical Temple.
  2427 | D:4      | Slain by an orc wizard

Illustrated notes

Levels and vault maps discovered:
D:1:      lightli_arrival_boilingwater, layout_loops_ring
D:2:      layout_basic, uniq_jessica
D:3:      layout_basic
D:4:      layout_basic, minmay_temple_entry_statues, grunt_ministairs_3,
          uniq_duvessa

Skill      XL: |  1  2  3  4 |
---------------+-------------+-----
Stealth        | 1 2 |  2.9
Short Blades   | 1 |  1.4
Fighting       | |  1.3
Dodging        | |  2.6
Unarmed Combat | |  3.9
Spellcasting   | |  2.3
Transmutations | |  2.5

Action                     |  1- 3 |  4- 6 || total
---------------------------+-------+-------++-------
  Melee: Dagger            |    58 |   117 ||   175
         Tentacles         |    12 |    23 ||    35
         Constrict         |    10 |    25 ||    35
         Punch             |     4 |     7 ||    11
         Kick              |     4 |    11 ||    15
   Cast: Beastly Appendage |     4 |     7 ||    11
    Use: Scroll            |       |     3 ||     3
   Stab: Sleeping          |     3 |    13 ||    16
 Armour: Skin              |    14 |    31 ||    45
  Dodge: Dodged            |    39 |    72 ||   111
